 Dungeon Crawl Stone Soup version 0.29.1-1-gd02db6906a (webtiles) character file.

Game seed: 4726780792445229195

554 Icepheonix32 the Magician (level 7, -1/53 HPs)
             Began as a White Draconian Fire Elementalist on Sept 22, 2022.
             Slain by a kobold
             ... wielding a +0 club
              (3 damage)
             ... in a sewer.
             The game lasted 00:06:29 (4817 turns).

Icepheonix32 the Magician (DrFE)                    Turns: 4817, Time: 00:06:30

Health: -1/53      AC:  7    Str: 10    XL:     7   Next: 8%
Magic:  13/13      EV: 12    Int: 18    God:
Gold:   182        SH:  0    Dex: 17    Spells: 9/16 levels left

rFire   + . .      SeeInvis .   o - +2 dagger (drain)
rCold   + . .      Faith    .   (no shield)
rNeg    . . .      Spirit   .   (body armour unavailable)
rPois   .          Reflect  .   (helmet restricted)
rElec   .          Harm     .   c - +0 cloak
rCorr   .          Rampage  .   (no gloves)
Will    .....                   (no boots)
Stlth   ++........              (no amulet)
HPRegen 0.17/turn               f - ring of protection from fire
MPRegen 0.13/turn               n - +6 ring of dexterity

@: no status effects
A: breathe frost, AC +6, unfitting armour, cold resistance 1, cold-blooded,
deterioration 1, low MP 1
a: Breathe Frost


You were in a sewer.
You visited 1 branch of the dungeon, and saw 4 of its levels.
You also visited: Sewer.

You collected 221 gold pieces.
You spent 39 gold pieces at shops.

Inventory:

Hand Weapons
 e - a +0 sling of flaming
 o - a +2 dagger of draining (weapon)
Armour
 c - a +0 cloak (worn)
 g - a +0 troll leather armour {Pargi}
Jewellery
 d - a +6 ring of dexterity
 f - a ring of protection from fire (left hand)
 n - a +6 ring of dexterity (right hand)
Wands
 b - a wand of polymorph (5)
Scrolls
 j - a scroll of magic mapping
 k - a scroll of enchant weapon
 l - a scroll of teleportation {unknown}
 m - a scroll of fog
 p - a scroll of vulnerability {unknown}
Potions
 a - a potion of magic
 h - 2 potions of curing
 i - a potion of haste {unknown}


   Skills:
 + Level 1.9 Fighting
 + Level 0.4 Short Blades
 + Level 2.2 Dodging
 + Level 2.0 Stealth
 + Level 0.5 Unarmed Combat
 * Level 5.1 Spellcasting
 + Level 3.0 Conjurations
 + Level 3.6 Fire Magic


You had 9 spell levels left.
You knew the following spells:

 Your Spells              Type           Power      Damage    Failure   Level
a - Foxfire               Conj/Fire      64%        2x1d7     3%          1
b - Scorch                Fire           34%        2d7       4%          2
c - Inner Flame           Hex/Fire       11%        N/A       19%         3
d - Summon Small Mammal   Summ           16%        N/A       13%         1

Your spell library contained the following spells:

 Spells                   Type           Power      Damage    Failure   Level
 Conjure Flame            Conj/Fire      16%        6-21      10%         3
 Apportation              Tloc           8%         N/A       13%         1
 Necrotise                Necr           16%        1d4       13%         1
 Flame Wave               Conj/Fire      16%        2d7       32%         4


Dungeon Overview and Level Annotations

Branches:
Dungeon (4/15)              Sewer (1/1)
 Temple: D:4-7

Altars:

Shops:
D:1 !


Innate Abilities, Weirdness & Mutations

You can breathe waves of freezing cold which knock back foes.
Your icy white scales are hard. (AC +6)
You cannot fit into any form of body armour.
Your flesh is cold resistant. (rC+)
You are cold-blooded and may be slowed by cold attacks.
Your body sometimes deteriorates upon taking damage.
Your magical capacity is low. (-10% MP)


Message History

The kobold hits you but does no damage. The kobold closely misses you.
The kobold closely misses you. The kobold misses you.
The kobold hits you with a +0 club.
* * * LOW HITPOINT WARNING * * *
The kobold hits you but does no damage. The kobold closely misses you.
The kobold barely misses you. The kobold barely misses you.
The kobold misses you. The kobold hits you but does no damage.
The kobold hits you but does no damage. The kobold barely misses you.
The kobold hits you but does no damage. The kobold barely misses you.
The kobold barely misses you. The kobold closely misses you.
The kobold barely misses you. The kobold hits you but does no damage.
The kobold hits you with a +0 club.
* * * LOW HITPOINT WARNING * * *
The kobold closely misses you. The kobold hits you with a +0 club.
* * * LOW HITPOINT WARNING * * *
The kobold closely misses you. The kobold hits you with a +0 club.
* * * LOW HITPOINT WARNING * * *
The kobold closely misses you. The kobold barely misses you.
The kobold hits you but does no damage. The kobold closely misses you.
The kobold hits you with a +0 club.
* * * LOW HITPOINT WARNING * * *
The kobold hits you but does no damage. The kobold misses you.
The kobold hits you with a +0 club.
* * * LOW HITPOINT WARNING * * *
The kobold hits you with a +0 club.
You die...

####.~≈~.####
####.÷≈~.####
#∩....∩..'..#
####.~≈~.####
####.~≈~.####
#..'.~≈~.)..#
####.~≈~.####
####.~≈~.####
#..'.~≈~.@K.#
####.~≈~.####
####.~≈~.#
#..'.~≈~.+
##########
#~≈~# #~≈~#
#~≈~# ~≈~#


You could see a kobold.

Vanquished Creatures
  Grinder (D:3)
  Pargi (Sewer)
  A sky beast (D:3)
  A hound (D:3)
  Robin (D:3)
  3 adders
  A worm (D:2)
  A dart slug (D:3)
  4 orcs (D:3)
  6 ball pythons
  6 bats
  7 endoplasms
  9 giant cockroaches
  7 hobgoblins
  2 jackals (D:2)
  3 kobolds
  3 quokkas
  2 frilled lizards
  12 goblins
  2 rats (D:3)
73 creatures vanquished.

Vanquished Creatures (others)
  234 foxfires
  A plant (D:4)
235 creatures vanquished.

Grand Total: 308 creatures vanquished

Notes
Turn   | Place    | Note
-------+----------+-------------------------------------------
     0 | D:1      | Icepheonix32 the Draconian Fire Elementalist began the
                  | quest for the Orb.
     0 | D:1      | Reached XP level 1. HP: 14/14 MP: 3/3
   240 | D:1      | Reached XP level 2. HP: 5/20 MP: 3/5
   982 | D:1      | Found Mesafet's Distillery.
  1038 | D:1      | Bought a potion of curing for 39 gold pieces
  1647 | D:2      | Reached XP level 3. HP: 26/26 MP: 2/6
  1810 | D:2      | Identified the +5 ring mail of Watchfulness {rC+ Stlth+}
  2725 | D:2      | Found a faded altar of an unknown god.
  2733 | D:2      | Learned a level 2 spell: Scorch
  2737 | D:2      | Learned a level 3 spell: Inner Flame
  2739 | D:2      | Learned a level 1 spell: Summon Small Mammal
  2900 | D:3      | Reached skill level 3 in Spellcasting
  2900 | D:3      | Reached XP level 4. HP: 33/33 MP: 0/8
  3063 | D:3      | Noticed Robin
  3140 | D:3      | Killed Robin
  3279 | D:3      | Reached skill level 1 in Fighting
  3333 | D:3      | Noticed Grinder
  3356 | D:3      | Paralysed by Grinder for 3 turns
  3360 | D:3      | HP: 1/35 [Grinder (2)]
  3363 | D:3      | Killed Grinder
  3364 | D:3      | Reached skill level 4 in Spellcasting
  3364 | D:3      | Reached XP level 5. HP: 10/40 MP: 1/11
  3364 | D:3      | Reached XP level 6. HP: 12/47 MP: 1/12
  4014 | D:3      | Noticed a sky beast
  4024 | D:3      | Killed a sky beast
  4320 | D:3      | Gained mutation: Your body sometimes deteriorates upon
                  | taking damage. [potion of mutation]
  4320 | D:3      | Gained mutation: Your magical capacity is low. (-10% MP)
                  | [potion of mutation]
  4404 | D:4      | Found a glowing drain.
  4421 | Sewer    | Entered a sewer
  4500 | Sewer    | Noticed Pargi
  4508 | Sewer    | Killed Pargi
  4509 | Sewer    | Reached skill level 5 in Spellcasting
  4509 | Sewer    | Your scales start taking on an icy white colour.
  4509 | Sewer    | Reached XP level 7. HP: 53/53 MP: 5/13
  4509 | Sewer    | Gained mutation: Your flesh is cold resistant. (rC+) [White
                  | Draconian growth]
  4816 | Sewer    | HP: 2/53 [kobold/+0 club (3)]
  4817 | Sewer    | Slain by a kobold

Illustrated notes

Levels and vault maps discovered:
D:1:      sevenhm_arrival_forest_fort_small_5, layout_basic, serial_shops,
          nicolae_shop_temple_entry_statues_fountains, minivault_19
D:2:      layout_basic, shapermc_ecumenical_altar_hornbeckon
D:3:      layout_basic, uniq_robin, uniq_grinder
D:4:      layout_loops_corners, cheibrodos_sewer_entry_sluice, serial_forest,
          infiniplex_forest_straight_3, infiniplex_forest_straight_1,
          infiniplex_forest_end_1, infiniplex_forest_corner_1,
          infiniplex_forest_straight_2, infiniplex_forest_side_room,
          infiniplex_forest_clump_double, minmay_misc_feat_tower,
          uniq_blork_the_orc
Sewer:    kennysheep_door_sewer

Skill      XL: |  1  2  3  4  5  6 |
---------------+-------------------+-----
Spellcasting   | 3 4 5 |  5.1
Conjurations   | 2 3 |  3.0
Fighting       | 1 |  1.9
Dodging        | 2 |  2.2
Fire Magic     | 4 3 |  3.6
Stealth        | 2 |  2.0
Short Blades   | |  0.4
Unarmed Combat | |  0.5

Action                   |  1- 3 |  4- 6 |  7- 9 || total
-------------------------+-------+-------+-------++-------
Melee: Unarmed           |    40 |       |       ||    40
       Tailslap          |     5 |     1 |       ||     6
       Punch             |     1 |       |       ||     1
       Dagger            |       |     8 |     1 ||     9
 Fire: Sling             |    43 |    29 |       ||    72
 Cast: Foxfire           |    78 |    61 |     1 ||   140
       Summon Small Mamm |     2 |       |       ||     2
       Inner Flame       |     1 |       |       ||     1
       Scorch            |       |     7 |       ||     7
  Use: Scroll            |     1 |     5 |       ||     6
       Potion            |       |     4 |       ||     4
Armor: Skin              |    47 |    27 |    50 ||   124
Dodge: Dodged            |    64 |    29 |    84 ||   177
